Map: Newkirk Precinct TE (Void)

Players

Maru - Winner!

  • Race: Terran Terran
  • League: Diamond
  • Spawn Location: 5:00

TYTY (TY)

  • Race: Terran Terran
  • League: Diamond
  • Spawn Location: 7:00

Event: WESG 2016 Finals

VOD

Have the link to the VOD?

Description

Time

  • Played on: Jan. 15, 2017, 8:33 p.m.
  • Length: 14:14

All games in this series

Show
View Real Time Build Order
Export as new Build Order

Maru Terran - Winner!

Build Orders: 1/1/1, Bio Tank 

Get SALT Encoding   

  12  0:00  SCV  
  13  0:12  SCV  
  14  0:17  Supply Depot  
  14  0:24  SCV  
  15  0:30  Refinery  
  15  0:39  SCV  
  16  0:45  Barracks  
  16  0:51  SCV  
  16  0:56  Refinery  
  17  1:03  SCV  
  18  1:15  SCV  
  19  1:32  Orbital Command  
  19  1:33  Reaper  
  19  1:37  Factory  
  20  1:50  Supply Depot  
  20  1:59  SCV  
  21  2:06  Barracks Tech Lab  
  21  2:11  SCV  
  22  2:23  SCV  
  22  2:25  Hellion, Starport  
  25  2:34  Supply Depot  
  25  2:35  SCV  
  26  2:47  SCV  
  27  2:59  SCV  
  27  3:01  Banshee  
  31  3:15  Command Center  
  31  3:18  SCV  
  32  3:20  Barracks Reactor  
  32  3:23  Factory Tech Lab  
  32  3:30  SCV  
  32  3:34  Supply Depot  
  33  3:42  SCV  
  33  3:44  Raven  
  33  3:45  Siege Tank  
  40  3:55  SCV  
  40  4:07  SCV  
  40  4:10  Marine x2  
  42  4:18  Barracks  
  42  4:19  SCV  
  42  4:20  Barracks  
  42  4:22  Siege Tank  
  46  4:32  SCV  
  46  4:34  Orbital Command  
  47  4:40  Starport Reactor  
  47  4:41  Marine  
  47  4:42  Stimpack  
  47  4:44  SCV  
  49  4:55  Engineering Bay  
  49  4:56  Refinery  
  49  4:58  Siege Tank  
  49  4:59  Marine  
  53  5:04  SCV x2  
  55  5:16  SCV  
  55  5:17  Supply Depot  
  55  5:19  Marine x3  
  55  5:20  SCV  
  60  5:22  Starport Reactor  
  60  5:25  Terran Infantry Weapons Level 1  
  60  5:26  Marine  
  61  5:29  SCV  
  61  5:30  Supply Depot  
  62  5:38  Siege Tank  
  62  5:40  SCV  
  62  5:41  SCV  
  66  5:43  Supply Depot  
  66  5:52  Marine x3, SCV  
  66  5:53  Marine x2, SCV  
  73  6:04  SCV  
  73  6:05  Supply Depot, SCV  
  73  6:06  Refinery  
  73  6:09  Medivac  
  73  6:10  Marine  
  78  6:12  Medivac  
  78  6:16  Marine x2  
  78  6:17  Marine  
  83  6:23  SCV x2  
  78  6:30  Marine  
  79  6:35  SCV  
  79  6:41  Marine  
  79  6:42  Marine  
  74  6:48  Combat Shields, Marine x2  
  74  6:49  Medivac x2  
  80  6:56  Marine  
  80  6:59  Marine x2  
  86  7:01  Siege Tank  
  86  7:05  SCV x2  
  88  7:12  Marine x2  
  88  7:14  Marine  
  91  7:17  Marine  
  91  7:21  Supply Depot  
  92  7:23  Missile Turret  
  92  7:24  Terran Infantry Armor Level 1  
  92  7:27  SCV  
  93  7:37  SCV  
  93  7:42  Marine x4  
  93  7:43  SCV  
  99  7:46  Siege Tank  
  99  7:48  Supply Depot  
  102  8:06  Marine  
  102  8:09  Marine  
  102  8:10  Supply Depot  
  103  8:13  Marine x2  
  103  8:18  Medivac  
  103  8:19  Siege Tank  
  110  8:22  Supply Depot  
  110  8:32  Medivac, Marine x4  
  116  8:34  Supply Depot  
  116  8:35  Marine  
  107  8:49  Marine  
  107  8:50  Marine  
  92  8:56  SCV x2  
  92  9:01  Marine x2  
  83  9:04  Siege Tank  
  83  9:05  Medivac  
  83  9:08  SCV x2  
  90  9:20  SCV x2  
  90  9:21  Marine x4  
  96  9:28  Marine  
  97  9:32  SCV x2  
  97  9:36  Siege Tank  
  102  9:38  Marine  
  102  9:39  Marine x3  
  102  9:44  SCV x2  
  108  9:46  Marine  
  108  9:49  Viking x2  
  113  9:55  Engineering Bay, Armory  
  113  9:56  Marine  
  113  9:58  Marine x3  
  117  10:04  Marine  
  113  10:14  Marine  
  113  10:16  Marine x3  
  113  10:18  SCV  
  118  10:22  Marine  
  118  10:26  SCV  
  120  10:32  Marine  
  120  10:33  Siege Tank  
  120  10:34  Marine x3  
  127  10:36  Command Center  
  127  10:40  Marine  
  128  10:48  Terran Infantry Weapons Level 2  
  128  10:49  Terran Infantry Armor Level 2  
  128  10:52  Medivac  
  128  10:53  Marine  
  128  10:56  Supply Depot  
  131  11:04  Marine x2  
  131  11:09  Marine  
  134  11:17  Marine x2  
  134  11:18  Siege Tank  
  139  11:22  Marine  
  136  11:30  Marine  
  137  11:35  Marine  
  137  11:36  Marine x2  
  137  11:37  Medivac  
  142  11:43  Marine  
  142  11:44  Medivac  
  142  11:46  Command Center  
  138  11:51  Marine  
  139  11:57  Marine  
  137  12:10  Viking  
  137  12:11  Marine  
  137  12:14  Viking  
  140  12:20  Supply Depot  
  140  12:29  Marine  
  141  12:37  Supply Depot  
  141  12:41  Siege Tank  
  142  12:53  Marine x2, Liberator x2  
  142  12:56  Marine x2  
  132  12:58  SCV  
  132  12:59  Marine  
  133  13:11  Marine x2  
  141  13:14  Marine x2  
  143  13:20  Orbital Command  
  140  13:45  Marine  
  140  13:46  Orbital Command, Marine x4  
Show
View Real Time Build Order
Export as new Build Order

TYTY Terran 

Build Orders: Cyclone Opening, Reaper Expand, Bio Tank 

Get SALT Encoding   

  12  0:00  SCV  
  13  0:12  SCV  
  14  0:17  Supply Depot  
  14  0:24  SCV  
  15  0:29  Refinery  
  15  0:39  SCV  
  16  0:45  Barracks  
  16  0:51  SCV  
  17  1:03  SCV  
  18  1:15  SCV  
  19  1:32  Reaper  
  21  1:33  Orbital Command  
  20  1:47  Command Center  
  20  1:58  Factory  
  20  2:02  SCV  
  20  2:07  Barracks Reactor  
  21  2:14  SCV  
  22  2:17  Refinery  
  22  2:21  Supply Depot  
  22  2:26  SCV  
  23  2:42  SCV  
  23  2:43  Cyclone, Marine x2  
  29  2:54  SCV  
  30  3:00  Orbital Command  
  30  3:02  Marine  
  31  3:07  Starport  
  31  3:10  SCV  
  31  3:13  Marine  
  31  3:19  Widow Mine  
  32  3:22  SCV  
  32  3:23  Marine  
  35  3:28  SCV  
  35  3:33  Engineering Bay  
  37  3:38  SCV  
  38  3:41  SCV  
  38  3:44  Viking  
  40  3:49  Factory Tech Lab  
  40  3:50  SCV  
  40  3:53  SCV  
  42  4:00  Missile Turret  
  42  4:01  Marine x2  
  44  4:03  Supply Depot  
  44  4:09  SCV  
  45  4:14  Missile Turret x2  
  45  4:17  SCV  
  45  4:22  Raven  
  46  4:25  SCV  
  46  4:26  Supply Depot  
  46  4:27  Factory Tech Lab  
  47  4:33  SCV  
  47  4:35  Marine  
  47  4:36  Marine  
  47  4:38  Refinery, SCV  
  51  4:40  Supply Depot  
  51  4:46  Siege Tank  
  51  4:48  SCV  
  55  4:53  Marine x2  
  55  4:55  SCV  
  55  4:58  Supply Depot  
  58  5:02  SCV  
  58  5:07  Banshee  
  59  5:09  Supply Depot, SCV  
  65  5:14  SCV  
  65  5:19  Siege Tank  
  69  5:24  SCV  
  69  5:26  SCV  
  69  5:28  Barracks Tech Lab  
  69  5:36  Barracks x2, SCV  
  69  5:38  SCV  
  71  5:45  Supply Depot  
  71  5:48  SCV  
  72  5:50  SCV  
  72  5:52  Viking  
  75  5:58  Stimpack  
  75  6:00  SCV  
  75  6:02  SCV  
  75  6:04  Siege Tank  
  79  6:10  Marine  
  80  6:12  SCV  
  80  6:13  Terran Infantry Weapons Level 1  
  80  6:14  Supply Depot, SCV  
  82  6:24  Marine x2, SCV  
  85  6:26  SCV  
  85  6:28  Marine  
  87  6:33  Starport Reactor  
  87  6:34  Marine  
  87  6:37  Siege Tank  
  85  6:41  Marine  
  85  6:45  Marine  
  85  6:46  Combat Shields, Marine  
  72  6:52  Marine  
  72  6:53  Barracks  
  72  6:54  Refinery  
  72  6:57  Barracks  
  72  6:59  Marine  
  73  7:03  Marine  
  73  7:06  Marine  
  73  7:09  Siege Tank  
  73  7:10  Marine  
  73  7:13  Medivac  
  79  7:17  Marine  
  79  7:21  Marine  
  83  7:24  Medivac  
  83  7:27  Marine x2  
  83  7:30  SCV  
  83  7:35  Marine  
  82  7:39  Marine  
  82  7:41  Siege Tank  
  82  7:42  Barracks Reactor  
  86  7:44  Barracks Reactor  
  86  7:45  Marine, Command Center  
  86  7:46  Marine  
  86  7:50  Supply Depot  
  88  7:52  Medivac  
  88  7:53  Marine  
  88  7:57  Marine  
  90  8:03  Marine x2  
  90  8:04  Medivac  
  93  8:10  Marine  
  94  8:13  Siege Tank  
  94  8:14  Marine, SCV x2  
  94  8:19  Marine  
  99  8:20  Marine x2  
  99  8:21  Marine x2  
  99  8:24  Marine  
  104  8:27  Terran Infantry Armor Level 1  
  104  8:28  Marine  
  104  8:29  Supply Depot  
  104  8:31  Medivac  
  104  8:32  Marine  
  108  8:37  Marine  
  108  8:38  Marine x2  
  110  8:43  Marine  
  110  8:46  Marine  
  110  8:48  Marine x2  
  109  8:49  Siege Tank  
  109  8:50  Marine  
  109  8:55  Marine  
  90  8:56  Marine x2, SCV x2  
  90  9:00  Marine  
  82  9:04  Marine  
  84  9:12  Marine x2  
  86  9:19  Orbital Command  
  85  9:26  Marine x2  
  85  9:27  Marine x2  
  85  9:28  Marine  
  90  9:31  Siege Tank  
  90  9:35  Medivac  
  90  9:38  Medivac  
  97  9:39  Marine  
  97  9:41  Marine  
  97  9:42  Marine  
  97  9:44  Marine  
  101  9:46  Marine x2  
  101  9:50  Marine x2  
  101  9:52  SCV  
  106  9:56  Marine  
  106  9:59  Marine x2  
  108  10:01  Liberator x2  
  108  10:03  Marine  
  108  10:04  Marine  
  107  10:07  Marine  
  107  10:08  Marine x2  
  106  10:14  Marine  
  106  10:17  Marine x2  
  112  10:22  Marine  
  112  10:26  Marine x2  
  116  10:32  Orbital Command, Marine  
  116  10:33  Barracks Reactor  
  116  10:34  Supply Depot  
  116  10:35  Marine x2  
  118  10:36  Missile Turret  
  118  10:39  Marine  
  119  10:43  Marine  
  119  10:44  Marine  
  119  10:49  Siege Tank  
  123  10:50  Marine  
  123  10:51  SCV x2  
  123  10:52  Marine  
  123  10:53  Marine  
  127  10:57  Marine  
  127  11:01  Marine x2  
  129  11:08  Marine  
  130  11:13  Marine x4  
  130  11:15  Marine  
  134  11:18  SCV x2  
  134  11:19  Marine  
  134  11:23  Viking  
  138  11:28  Marine  
  138  11:29  Marine  
  139  11:39  Marine  
  123  11:52  Marine  
  121  11:59  Marine x2  
  106  12:09  Marine  
  106  12:10  Marine  
  108  12:17  Marine x2  
  108  12:23  Marine x2  
  108  12:27  Marine  
  108  12:28  Marine  
  112  12:34  Marine  
  117  12:46  Viking  
  117  12:48  Viking  
  116  12:54  Marine x2  
  116  12:57  Orbital Command  
  79  13:06  Marine  
  80  13:16  Marine  
  78  13:32  Orbital Command  
  78  13:50  Marine x2  
  58  13:56  Marine  
Tags
 
Add a new tag
Caveats
  • Supply blocks, unpowered buildings, or Contaminate may cause inaccurate times.
  • Supply counts are checked every 10 seconds.